 Dungeon Crawl Stone Soup version 0.31.0-32-g396128a36d (webtiles) character file.

Game seed: 6056903907117922664

1157 BoiledPickle the Cudgeller (level 8, -8/70 HPs)
             Began as a Minotaur Berserker on Feb 26, 2024.
             Was a Priest of Trog.
             Splashed by a jelly's acid (9 damage)
             ... on level 6 of the Dungeon on Mar 10, 2024.
             The game lasted 00:20:36 (5825 turns).

BoiledPickle the Cudgeller (Minotaur Berserker)     Turns: 5825, Time: 00:20:37

Health: -8/70      AC: 16    Str: 24    XL:     8   Next: 16%
Magic:  7/7        EV:  8    Int:  4    God:    Trog [***...]
Gold:   321        SH:  0    Dex: 16    Spells: 7/7 levels left

rFire   . . .        B - +0 great sword
rCold   . . .        (shield currently unavailable)
rNeg    . . .        k - +0 plate armour
rPois   .            (helmet restricted)
rElec   .            (no cloak)
rCorr   .            (no gloves)
SInv    .            (no boots)
Will    .....        v - amulet of faith Stlth
                     t - +6 ring of dexterity
HPRegen 0.31/turn    b - +4 ring of protection
MPRegen 0.10/turn

%: faith
@: on berserk cooldown, slowed, very slow
A: horns 2, retaliatory headbutt
a: Renounce Religion, Berserk, Trog's Hand


You were on level 6 of the Dungeon.
You worshipped Trog.
Trog was most pleased with you.
You visited 1 branch of the dungeon, and saw 6 of its levels.

You collected 321 gold pieces.

Inventory:

Hand Weapons
 B - a +0 great sword (weapon)
Missiles
 x - 11 poisoned darts (quivered)
Armour
 k - a +0 plate armour (worn)
Jewellery
 b - a +4 ring of protection (right hand)
 t - a +6 ring of dexterity (left hand)
 v - an amulet of faith (around neck)
 A - a ring of resist corrosion
Wands
 c - a wand of flame (17)
Scrolls
 h - a scroll of blinking {unknown}
 i - 4 scrolls of identify {unknown}
 j - 3 scrolls of revelation {unknown}
 n - a scroll of amnesia {unknown}
 p - a scroll of vulnerability {unknown}
 q - a scroll of poison {unknown}
 w - a scroll of teleportation {unknown}
 y - a scroll of silence {unknown}
Potions
 a - a potion of attraction {unknown}
 e - 2 potions of mutation {unknown}
 g - 4 potions of curing {unknown}
 o - 3 potions of degeneration {unknown}
 r - a potion of heal wounds {unknown}
 s - a potion of might {unknown}


   Skills:
 + Level 6.2 Fighting
 + Level 3.1 Long Blades
 + Level 7.4 Maces & Flails
 + Level 0.8 Throwing
 + Level 6.4 Armour
 + Level 3.0 Dodging
 + Level 0.6 Stealth
 + Level 1.8 Evocations


You had 7 spell levels left.
You didn't know any spells.
Your spell library was empty.

Dungeon Overview and Level Annotations

Branches:
Dungeon (6/15)             Temple (0/1) D:5

Altars:
Uskayaw


Innate Abilities, Weirdness & Mutations

You have a pair of horns on your head.
You reflexively headbutt those who attack you in melee.


Message History

The gnoll hits you but does no damage. The ice beast hits you.
The ice beast freezes you! The gnoll hits you but does no damage.
You slash the ice beast!
The ice beast is moderately wounded.
The ice beast hits you but does no damage.
The gnoll hits you but does no damage.
The ice beast hits you but does no damage.
The gnoll hits you but does no damage.
The ice beast hits you but does no damage.
The gnoll hits you with a +0 club.
You closely miss the ice beast. Your headbutt misses the ice beast.
The ice beast is moderately wounded.
The ice beast completely misses you. The gnoll hits you but does no damage.
The ice beast hits you but does no damage.
The gnoll hits you with a +0 club.
You slash the ice beast!
The ice beast is almost dead.
The ice beast barely misses you. You furiously retaliate!
You headbutt the ice beast.
You kill the ice beast!
Trog accepts your kill. The gnoll closely misses you.
The jelly hits you but does no damage. The gnoll hits you with a +0 club.
Your Long Blades skill increases to level 3!
You hit the jelly but do no damage.
Your hands burn!
The jelly hits you but does no damage. The gnoll hits you with a +0 club.
* * * LOW HITPOINT WARNING * * *
The jelly hits you but does no damage. The gnoll hits you but does no damage.
The jelly hits you but does no damage.
You slash the jelly!
Your hands burn!
* * * LOW HITPOINT WARNING * * *
The jelly is heavily wounded.
The gnoll closely misses you. The jelly hits you.
* * * LOW HITPOINT WARNING * * *
You are splashed with acid!
* * * LOW HITPOINT WARNING * * *
The gnoll hits you but does no damage. The jelly hits you.
* * * LOW HITPOINT WARNING * * *
You are splashed with acid!
You die...

#######
#......###
#......)<#
#......#g####
######..@J..#
#####...#
#..... #....
####


You could see a jelly and a gnoll.

Vanquished Creatures
  Menkaure (D:4)
  2 black bears
  An ice beast (D:6)
  2 ogres
  A centaur (D:5)
  Blork the orc (D:6)
  A scorpion (D:5)
  2 hounds
  A jelly (D:5)
  A sleepcap (D:5)
  Terence (D:2)
  Ijyb (D:5)
  An iguana (D:4)
  3 gnolls (D:6)
  5 adders
  A white imp (D:4)
  4 ufetubi
  2 dart slugs
  A ribbon worm (D:2)
  10 orcs
  2 bats
  10 endoplasms
  2 giant cockroaches (D:1)
  6 goblins
  3 hobgoblins
  7 jackals
  2 quokkas (D:3)
  7 ball pythons
  7 frilled lizards
  9 kobolds
  3 rats
100 creatures vanquished.

Notes
Turn   | Place    | Note
-------+----------+-------------------------------------------
     0 | D:1      | BoiledPickle the Minotaur Berserker began the quest for the
                  | Orb.
     0 | D:1      | Reached XP level 1. HP: 19/19 MP: 0/0
   702 | D:1      | Upgraded the game from 0.31.0-12-g77e489cdc1 to
                  | 0.31.0-32-g396128a36d
   726 | D:1      | Reached XP level 2. HP: 15/27 MP: 1/1
   933 | D:1      | Found a faded altar of an unknown god.
  1112 | D:1      | Reached skill level 4 in Maces & Flails
  1714 | D:2      | Noticed Terence
  1729 | D:2      | Killed Terence
  1730 | D:2      | Reached XP level 3. HP: 31/34 MP: 2/2
  1779 | D:2      | Reached ** piety under Trog
  2007 | D:2      | Reached XP level 4. HP: 38/41 MP: 3/3
  2062 | D:2      | Found a hide-covered altar of Uskayaw.
  2971 | D:3      | Identified the +1 robe of Hairy Lucidity {+Blink rF+ rN+
                  | Str-2}
  2996 | D:3      | Reached skill level 5 in Maces & Flails
  3623 | D:4      | Noticed Menkaure
  3625 | D:4      | Killed Menkaure
  3626 | D:4      | Reached skill level 6 in Maces & Flails
  3626 | D:4      | Reached XP level 5. HP: 47/47 MP: 4/4
  3633 | D:4      | Noticed an ogre
  3636 | D:4      | Killed an ogre
  3637 | D:4      | Reached XP level 6. HP: 55/55 MP: 5/5
  4134 | D:4      | Reached skill level 5 in Fighting
  4514 | D:4      | Reached XP level 7. HP: 51/61 MP: 6/6
  4686 | D:5      | Entered Level 5 of the Dungeon
  4715 | D:5      | Found a staircase to the Ecumenical Temple.
  4773 | D:5      | Reached skill level 7 in Maces & Flails
  4773 | D:5      | Reached skill level 5 in Armour
  4773 | D:5      | Reached skill level 1 in Evocations
  5276 | D:5      | Reached skill level 1 in Long Blades
  5656 | D:5      | Noticed Ijyb
  5664 | D:5      | Killed Ijyb
  5808 | D:6      | Noticed Blork the orc
  5816 | D:6      | Reached XP level 8. HP: 70/70 MP: 7/7
  5820 | D:6      | Killed Blork the orc
  5820 | D:6      | Reached *** piety under Trog
  5825 | D:6      | HP: 3/70 [acid (9)]
  5825 | D:6      | HP: 1/70 [jelly (2)]
  5825 | D:6      | Splashed by a jelly's acid

Illustrated notes

Levels and vault maps discovered:
D:1:      erik_arrival_triangle_small, layout_loops_ring,
          basic_ecumenical_altar, kennysheep_small_spiral
D:2:      layout_basic, basic_altar, nicolae_figureground_sparkle, uniq_terence
D:3:      layout_basic
D:4:      layout_basic, uniq_menkaure
D:5:      layout_basic, minmay_temple_entry_butterflies, serial_bayou_lake_a,
          uniq_ijyb
D:6:      layout_rooms, serial_shops, nicolae_shop_back_alley_shop,
          nicolae_lakefront_shop, shop, uniq_blork_the_orc, uniq_edmund

Skill      XL: |  1  2  3  4  5  6  7  8 |
---------------+-------------------------+-----
Fighting       | 4 5 6 |  6.2
Maces & Flails | 4 6 7 |  7.4
Armour         | 3 4 6 |  6.4
Evocations     | 1 |  1.8
Dodging        | 3 |  3.0
Long Blades    | 2 3 |  3.1
Throwing       | |  0.8
Stealth        | |  0.6

Action                     |  1- 3 |  4- 6 |  7- 9 || total
---------------------------+-------+-------+-------++-------
  Melee: Mace              |    69 |    89 |    13 ||   171
         Headbutt          |     5 |    16 |    19 ||    40
         Great sword       |       |       |    60 ||    60
  Throw: Dart              |       |       |     2 ||     2
 Invoke: Berserk           |       |       |     3 ||     3
  Evoke: Wand              |       |    13 |     2 ||    15
    Use: Scroll            |       |       |     1 ||     1
 Armour: Animal skin       |    22 |       |       ||    22
         Chain mail        |    18 |       |       ||    18
         Plate armour      |    25 |    82 |    96 ||   203
  Dodge: Dodged            |    43 |    48 |    51 ||   142
